Map: Shadowed Jungle

Players

LOL

  • Race: Protoss Protoss
  • League: Diamond
  • Spawn Location: 11:00

ÅmÅźØnÅ

  • Race: Protoss Protoss
  • League: Platinum
  • Spawn Location: 1:00

Musumeci

  • Race: Zerg Zerg
  • League: Diamond
  • Spawn Location: 7:00

MichyMoko

  • Race: Zerg Zerg
  • Spawn Location: 5:00

VOD

Have the link to the VOD?

Description

Time

  • Played on: March 31, 2017, 3:29 p.m.
  • Length: 8:22
Show
View Real Time Build Order
Export as new Build Order

LOL Protoss 

Build Orders:  

Get SALT Encoding   

  12  0:01  Probe (Chrono Boost)  
  13  0:11  Probe (Chrono Boost)  
  14  0:19  Pylon  
  14  0:27  Probe (Chrono Boost)  
  15  0:38  Probe (Chrono Boost)  
  15  0:41  Gateway  
  16  0:48  Assimilator  
  16  0:50  Probe (Chrono Boost)  
  17  1:01  Probe (Chrono Boost)  
  18  1:13  Probe (Chrono Boost)  
  19  1:24  Probe (Chrono Boost)  
  20  1:32  Cybernetics Core  
  20  1:34  Probe (Chrono Boost)  
  20  1:36  Pylon  
  21  1:45  Probe (Chrono Boost)  
  22  1:50  Gateway  
  22  1:56  Assimilator, Probe (Chrono Boost)  
  22  1:58  Zealot  
  25  2:11  Probe (Chrono Boost)  
  25  2:14  Warp Gate  
  26  2:22  Mothership Core (Chrono Boost)  
  28  2:25  Stalker  
  30  2:36  Pylon  
  30  2:42  Probe (Chrono Boost)  
  31  2:54  Adept, Probe (Chrono Boost)  
  34  3:01  Robotics Facility  
  34  3:14  Stalker  
  34  3:16  Gateway  
  36  3:24  Pylon  
  36  3:26  Sentry  
  38  4:00  Stalker  
  38  4:01  Stalker  
  41  4:12  Nexus  
  41  4:15  Pylon  
  41  4:30  Pylon  
  41  4:34  Immortal  
  43  5:05  Adept  
  43  5:06  Adept x2  
  48  5:13  Immortal  
  52  5:15  Forge  
  52  5:20  Pylon  
  52  5:24  Probe (Chrono Boost)  
  53  5:34  Probe (Chrono Boost)  
  54  5:45  Adept x2, Probe (Chrono Boost)  
  59  5:55  Probe (Chrono Boost)  
  54  6:06  Probe (Chrono Boost)  
  54  6:08  Adept x3  
  59  6:16  Probe (Chrono Boost)  
  59  6:18  Photon Cannon  
  60  6:27  Probe (Chrono Boost)  
  60  6:29  Adept  
  63  6:38  Pylon  
  63  6:43  Adept x2  
  63  6:46  Probe (Chrono Boost)  
  66  6:57  Probe (Chrono Boost)  
  66  7:07  Probe (Chrono Boost)  
  67  7:12  Adept x3  
  73  7:18  Probe (Chrono Boost)  
  74  7:28  Probe (Chrono Boost)  
  75  7:34  Assimilator  
  75  7:38  Assimilator  
  75  7:39  Probe (Chrono Boost)  
  76  7:47  Pylon  
  76  7:49  Probe (Chrono Boost)  
  77  8:00  Probe (Chrono Boost)  
  74  8:08  Stalker x3  
  80  8:19  Robotics Bay  
Show
View Real Time Build Order
Export as new Build Order

ÅmÅźØnÅ Protoss 

Build Orders:  

Get SALT Encoding   

  12  0:02  Probe (Chrono Boost)  
  13  0:15  Pylon  
  13  0:20  Probe (Chrono Boost)  
  14  0:30  Probe (Chrono Boost)  
  15  0:37  Gateway  
  15  0:44  Assimilator  
  15  0:49  Probe (Chrono Boost)  
  16  0:58  Assimilator  
  16  0:59  Probe (Chrono Boost)  
  17  1:10  Probe (Chrono Boost)  
  18  1:20  Probe (Chrono Boost)  
  19  1:30  Cybernetics Core  
  19  1:31  Probe (Chrono Boost)  
  20  1:41  Probe (Chrono Boost)  
  20  1:43  Pylon  
  21  1:52  Probe (Chrono Boost)  
  21  1:53  Pylon  
  22  2:02  Probe (Chrono Boost)  
  22  2:04  Warp Gate  
  23  2:10  Adept  
  25  2:18  Stargate  
  25  2:28  Mothership Core (Chrono Boost)  
  26  2:37  Adept  
  29  2:53  Probe (Chrono Boost)  
  29  2:58  Void Ray  
  33  3:06  Pylon  
  33  3:07  Adept  
  35  3:30  Stargate  
  35  3:54  Nexus  
  35  3:58  Assimilator  
  35  3:59  Pylon  
  35  4:06  Pylon  
  35  4:09  Assimilator  
  35  4:12  Probe (Chrono Boost)  
  36  4:20  Void Ray  
  40  4:38  Gateway  
  40  4:52  Void Ray  
  44  4:58  Probe (Chrono Boost)  
  45  5:13  Pylon  
  45  5:14  Pylon  
  45  5:30  Void Ray  
  49  5:51  Void Ray  
  49  5:56  Probe (Chrono Boost)  
  55  5:58  Probe (Chrono Boost)  
  55  6:07  Probe (Chrono Boost)  
  55  6:10  Probe (Chrono Boost)  
  57  6:17  Probe (Chrono Boost)  
  58  6:22  Probe (Chrono Boost)  
  55  6:31  Adept  
  56  6:39  Probe (Chrono Boost)  
  53  6:41  Probe (Chrono Boost), Void Ray  
  56  6:50  Probe (Chrono Boost)  
  56  6:53  Probe (Chrono Boost)  
  58  7:00  Probe (Chrono Boost)  
  59  7:05  Probe (Chrono Boost)  
  59  7:07  Adept x2  
  64  7:11  Probe (Chrono Boost)  
  65  7:17  Probe (Chrono Boost)  
  65  7:22  Probe (Chrono Boost)  
  67  7:24  Gateway  
  67  7:29  Probe (Chrono Boost)  
  68  7:32  Probe (Chrono Boost)  
  68  7:33  Sentry  
  68  7:34  Sentry  
  73  7:41  Probe (Chrono Boost)  
Show
View Real Time Build Order
Export as new Build Order

Musumeci Zerg 

Build Orders: Pool First 

Get SALT Encoding   

  12  0:01  Drone  
  13  0:09  Drone  
  14  0:18  Overlord  
  14  0:27  Extractor  
  14  0:28  Drone  
  15  0:36  Drone x2  
  17  0:51  Spawning Pool  
  17  0:52  Drone  
  17  0:53  Extractor  
  17  0:55  Drone  
  17  1:20  Hatchery  
  17  1:24  Drone  
  17  1:25  Drone  
  18  1:37  Drone  
  18  1:39  Zergling x2  
  20  1:51  Drone  
  21  2:07  Overlord  
  21  2:11  Queen, Extractor  
  23  2:38  Drone x2  
  23  2:39  Drone x2, Metabolic Boost  
  23  2:43  Drone, Baneling Nest  
  27  2:44  Queen  
  27  2:50  Drone  
  30  2:54  Drone  
  31  3:06  Overlord x2  
  31  3:19  Spore Crawler x2  
  29  3:20  Overlord x2  
  29  3:30  Zergling x4  
  31  3:35  Drone  
  31  3:39  Drone  
  31  3:40  Drone x3  
  36  3:58  Zergling x6  
  39  4:06  Drone x4  
  43  4:13  Zergling x2  
  43  4:16  Zergling x2  
  45  4:25  Drone x5  
  45  4:26  Evolution Chamber  
  49  4:36  Zergling x2  
  49  4:37  Zergling x6  
  52  4:40  Hatchery  
  51  4:52  Lair, Extractor  
  50  4:53  Zerg Melee Weapons Level 1  
  50  4:55  Drone x5  
  55  5:12  Spore Crawler  
  54  5:14  Spore Crawler  
  53  5:31  Zergling x2  
  53  5:32  Zergling x12  
  53  5:34  Baneling x11  
  49  6:11  Hatchery  
  48  6:22  Zergling x2  
  48  6:23  Zergling x22  
  53  6:58  Zergling x2  
  53  6:59  Zergling x10  
  59  7:05  Hydralisk Den  
  59  7:08  Zergling x2  
  56  7:17  Extractor  
  56  7:18  Extractor  
  54  7:24  Baneling  
  54  7:25  Baneling x3  
  54  7:30  Drone  
  54  7:31  Drone x4  
  59  7:37  Drone x2  
  59  7:39  Queen  
  63  7:49  Hydralisk  
  65  7:51  Zergling x2  
  65  7:52  Overlord  
  65  7:53  Overlord x3  
Show
View Real Time Build Order
Export as new Build Order

MichyMoko Zerg 

Build Orders: Hatch First 

Get SALT Encoding   

  12  0:01  Drone  
  13  0:14  Overlord  
  13  0:18  Drone  
  14  0:34  Drone x2  
  16  0:37  Drone  
  17  0:59  Drone  
  18  1:04  Hatchery  
  17  1:17  Drone  
  18  1:19  Spawning Pool  
  18  1:22  Extractor  
  16  1:36  Drone x3  
  19  2:10  Queen  
  19  2:11  Zergling x2, Overlord  
  19  2:13  Overlord  
  22  2:16  Drone  
  22  2:19  Queen  
  25  2:32  Drone x2  
  27  2:40  Metabolic Boost  
  27  2:41  Zergling x2  
  27  2:42  Drone  
  29  2:45  Drone  
  30  2:54  Drone  
  30  2:57  Drone  
  32  2:59  Queen  
  34  3:07  Roach Warren  
  33  3:22  Drone x2  
  33  3:24  Drone x2  
  37  3:40  Overlord  
  37  3:43  Lair  
  37  3:48  Spore Crawler  
  37  3:51  Overlord x2  
  37  3:52  Spore Crawler  
  35  3:56  Spore Crawler  
  35  3:59  Roach x2, Spore Crawler  
  37  4:15  Spore Crawler  
  38  4:17  Roach x4  
  38  4:21  Drone  
  38  4:22  Drone x2  
  47  4:34  Extractor  
  47  4:37  Drone x4  
  47  4:38  Drone  
  51  4:51  Hydralisk Den  
  50  4:54  Extractor  
  50  4:55  Drone x5  
  50  4:56  Extractor  
  53  5:14  Overlord x3  
  53  5:28  Hatchery  
  53  5:34  Overseer  
  51  5:44  Hydralisk x3  
  58  6:28  Hatchery  
  58  6:29  Hydralisk x5  
  62  7:02  Drone x3  
  62  7:03  Drone  
  62  7:04  Drone x3  
  62  7:05  Drone x5  
  74  7:23  Ravager  
  74  7:25  Overlord x4  
  75  7:52  Roach  
  75  7:53  Roach x10  
Tags
 
Add a new tag
Caveats
  • Supply blocks, unpowered buildings, or Contaminate may cause inaccurate times.
  • Supply counts are checked every 10 seconds.